 Dungeon Crawl Stone Soup version 0.28-a0-390-gb254ac4902 (console) character file.

Game seed: 14153534991756193991

36 nht the Ruffian (level 3, 0/36 HPs)
             Began as a Troll Fighter on Sept 3, 2021.
             Slain by Terence (7 damage)
             ... on level 2 of the Dungeon.
             The game lasted 00:01:52 (693 turns).

nht the Ruffian (Troll Fighter)                      Turns: 693, Time: 00:01:53

Health: 0/36       AC:  4    Str: 24    XL:     3   Next: 19%
Magic:  2/2        EV:  7    Int:  5    God:
Gold:   56         SH:  7    Dex:  9    Spells: 2/2 levels left

rFire   . . .      SeeInvis .     - Unarmed
rCold   . . .      Faith    .   b - +0 kite shield
rNeg    . . .      Spirit   .   a - +0 robe
rPois   .          Reflect  .   (helmet restricted)
rElec   .          Harm     .   (no cloak)
rCorr   .          Rampage  .   (gloves unavailable)
Will    .....                   (boots unavailable)
Stlth   +.........              (no amulet)
HPRegen 1.12/turn               (no ring)
MPRegen 0.08/turn               (no ring)

@: mighty, weak-willed
A: large, unfitting armour, claws 3, regeneration 1, shaggy fur 1, tough skin 1
a: no special abilities


You were on level 2 of the Dungeon.
You visited 1 branch of the dungeon, and saw 2 of its levels.

You collected 56 gold pieces.

Inventory:

Armour
 a - a +0 robe (worn)
 b - a +0 kite shield (worn)
Potions
 d - a potion of mutation {unknown}
 e - a potion of heal wounds {unknown}
 g - a potion of flight {unknown}


   Skills:
 - Level 2.4 Fighting
 - Level 2.4 Dodging
 - Level 2.4 Shields
 + Level 3.7 Unarmed Combat


You had 2 spell levels left.
You didn't know any spells.
Your spell library was empty.

Dungeon Overview and Level Annotations

Branches:
Dungeon (2/15)

Altars:

Shops:
D:1 =

Annotations:
D:2 Terence


Innate Abilities, Weirdness & Mutations

You are too large for most types of armour.
You have claws for hands.
Your natural rate of healing is unusually fast.
You are covered in fur. (AC +1)
You have tough skin. (AC +1)


Message History

You scratch the endoplasm.
The endoplasm is lightly wounded.
The endoplasm hits you but does no damage.
You claw the endoplasm!
You kill the endoplasm!
No target in view!
Found a stone staircase leading down.
You now have 56 gold pieces (gained 13).
There is a stone staircase leading down here.
Terence the Incautious comes into view.
He is wielding a +0 mace.
Okay, then.
You aren't carrying any scrolls.
Terence shouts!
An adder comes into view.
Terence drinks a potion.
Terence goes berserk!
You block Terence's attack.
You feel very mighty all of a sudden.
The adder hisses angrily.
Terence barely misses you. x2
You barely miss the adder. Terence hits you with a +0 mace!
The adder bites you. Terence hits you but does no damage.
You claw the adder!
You kill the adder!
Terence hits you with a +0 mace. Terence hits you with a +0 mace!
* * * LOW HITPOINT WARNING * * *
You have reached level 3!
Your experience leads to an increase in your attributes!
Increase (S)trength, (I)ntelligence, or (D)exterity?
You feel clever.
You feel stronger.
Unknown command.
You are too injured to fight recklessly!
Unknown command.
Unknown command.
Unknown command.
Unknown command.
You closely miss Terence. Terence barely misses you.
You scratch Terence.
Terence is lightly wounded.
Terence hits you with a +0 mace!
You die...

█.█ █. █.█ █.
█.█ █† .█
█.█████. █.
████....... █.
█>..(...... █.
█.█████████ █ █.
█.█ .███.█. ██.█
......†██████..█
█@@......██
.......████████
.██████


You could see Terence (berserk).

Vanquished Creatures
  An adder (D:2)
  3 ball pythons
  3 bats (D:1)
  2 endoplasms
  5 giant cockroaches (D:1)
  A hobgoblin (D:1)
  3 frilled lizards (D:1)
  3 goblins (D:1)
  2 kobolds (D:1)
  2 rats (D:1)
25 creatures vanquished.

Notes
Turn   | Place    | Note
-------+----------+-------------------------------------------
     0 | D:1      | nht the Troll Fighter began the quest for the Orb.
     0 | D:1      | Reached XP level 1. HP: 22/22 MP: 0/0
   120 | D:1      | Reached XP level 2. HP: 29/29 MP: 1/1
   313 | D:1      | Reached skill level 3 in Unarmed Combat
   358 | D:1      | Found Tora's Jewellery Shop.
   684 | D:2      | Noticed Terence
   692 | D:2      | Reached XP level 3. HP: 5/36 MP: 2/2
   693 | D:2      | Slain by Terence

Illustrated notes

Levels and vault maps discovered:
D:1:      psy_arrival_whirlpool, layout_basic, serial_shops, shop,
          serial_bayou_pond_b
D:2:      layout_loops_ring, serial_shops, shop,
          nicolae_shop_overgrown_old_shop, shop,
          chequers_ecumenical_altar_simple_redux, uniq_terence

Skill      XL: |  1  2 |
---------------+-------+-----
Unarmed Combat | 3 |  3.7
Fighting       | |  2.4
Dodging        | |  2.4
Shields        | |  2.4

Action                   || total
-------------------------++-------
Melee: Unarmed           ||    69
  Use: Scroll            ||     1
       Potion            ||     1
Armor: Robe              ||    17
Dodge: Dodged            ||    19
Block: Kite shield       ||    24

Table legend: (Time is in decaauts)
 A = Elapsed time spent in this place.
 B = Non-inter-level travel time spent in this place.
 C = Inter-level travel time spent in this place.
 D = Time resting spent in this place.
 E = Time spent auto-exploring this place.
 F = Levels seen in this place.
 G = Mean time per level.
                   A        B        C        D        E       F      G
               +--------+--------+--------+--------+--------+-----+--------+
         Total |    709 |    694 |     15 |      0 |    537 |   2 |  354.5 |
       Dungeon |    709 |    694 |     15 |      0 |    537 |   2 |  354.5 |
               +--------+--------+--------+--------+--------+-----+--------+

Top non-repeatable levels by time:
     D:1: 669 daAuts
     D:2: 40 daAuts
